 Dungeon Crawl Stone Soup version 0.22.0 (webtiles) character file.

67 Gergoth the Insei (level 4, -8/35 HPs)
             Began as a Draconian Transmuter on Aug 10, 2018.
             Splashed by Ijyb's acid (13 damage)
             ... on level 3 of the Dungeon.
             The game lasted 00:04:30 (2468 turns).

Gergoth the Insei (Draconian Transmuter)            Turns: 2468, Time: 00:04:31

Health: -8/35      AC:  5    Str: 12    XL:     4   Next: 0%
Magic:  8/8        EV: 12    Int: 14    God:
Gold:   57         SH:  0    Dex: 12    Spells: 7/8 levels left

rFire    . . .     SeeInvis .   b - +0 blowgun
rCold    . . .     Gourm    .   (no shield)
rNeg     . . .     Faith    .   (armour unavailable)
rPois    .         Spirit   .   (helmet restricted)
rElec    .         Reflect  .   (no cloak)
rCorr    .         Harm     .   (no gloves)
MR       .....                  (no boots)
Stlth    +.........             (no amulet)
HPRegen  0.11/turn              (no ring)
MPRegen  0.11/turn              (no ring)

@: no status effects
A: unfitting armour, cold-blooded, AC +5
a: no special abilities


You were on level 3 of the Dungeon.
You were not hungry.

You visited 1 branch of the dungeon, and saw 3 of its levels.

You collected 57 gold pieces.

Inventory:

Hand Weapons
 b - a +0 blowgun (weapon)
Missiles
 a - 34 arrows
 j - 6 poisoned needles (quivered)
Scrolls
 d - 3 scrolls of identify {unknown}
 f - a scroll of remove curse {unknown}
 g - a scroll of blinking {unknown}
 i - 4 scrolls of enchant armour {unknown}
 k - a scroll of immolation {unknown}
Potions
 e - a potion of degeneration {unknown}
 h - a potion of cancellation {unknown}
Comestibles
 c - 6 rations


   Skills:
 - Level 1.1 Fighting
 - Level 1.7 Dodging
 + Level 3.7 Unarmed Combat
 + Level 2.8 Spellcasting
 + Level 2.9 Transmutations


You had 7 spell levels left.
You knew the following spells:

 Your Spells              Type           Power        Failure   Level  Hunger
a - Beastly Appendage     Tmut           ##....       6%          1    #......

Your spell library contained the following spells:

 Spells                   Type           Power        Failure   Level  Hunger
 Spider Form              Tmut/Pois      #.........   34%         3    ###....
 Blade Hands              Tmut           ##........   87%         5    ######.
 Ice Form                 Ice/Tmut       #.......     75%         4    #####..
 Sticks to Snakes         Tmut           ##......     10%         2    ###....


Dungeon Overview and Level Annotations

Branches:
Dungeon (3/15)

Altars:
Gozag
Nemelex Xobeh
Uskayaw
Xom

Annotations:
D:3 Ijyb


Innate Abilities, Weirdness & Mutations

Your plain brown scales are hard. (AC +5)
You cannot fit into any form of body armour.
You are cold-blooded and may be slowed by cold attacks.


Message History

A kobold comes into view. It is wielding a short sword.
Found a stone staircase leading up.
You see here 2 gold pieces.
There are monsters nearby!
You see here an uncursed whip.
Ijyb zaps a wand.
The bolt of acid misses you.
It is a wand of acid (4).
There is a stone staircase leading up here.
Wield which item (- for none, * to show all)? (? for menu, Esc to quit)
b - a +0 blowgun (weapon)
Firing (i - inventory)
j - 7 poisoned needles (quivered)
Press: ? - help, Shift-Dir - straight line, f - Ijyb
Aim: Ijyb, wearing a scale mail and carrying a wand of acid (4)
You shoot a poisoned needle.
The poisoned needle closely misses Ijyb.
Ijyb zaps a wand.
The bolt of acid hits you!
You are splashed with acid!
The acid burns!
Ijyb zaps a wand.
The bolt of acid hits you!
* * * LOW HITPOINT WARNING * * *
You are splashed with acid!
The acid burns!
You die...

#....########
#...........#
#...........#
###.........#
##........#
#........#
#........##
##........#
#@..)....## #
#....)....#.#
###.##g##.#.#
#
#.##..#...#..
#.......#...#
#.#..........
#.#.#g#......
#.#.#$.....##
#.#.#.K##...#


You could see Ijyb.

Vanquished Creatures
  An adder (D:2)
  An ooze (D:1)
  A dart slug (D:1)
  2 worms (D:2)
  2 leopard geckos
  4 giant cockroaches
  5 hobgoblins (D:1)
  2 jackals (D:1)
  7 bats
  A frilled lizard (D:3)
  8 goblins
  5 kobolds
  5 rats
44 creatures vanquished.

Notes
Turn   | Place    | Note
-------+----------+-------------------------------------------
     0 | D:1      | Gergoth the Draconian Transmuter began the quest for the Orb.
     0 | D:1      | Reached XP level 1. HP: 16/16 MP: 3/3
   192 | D:1      | Reached XP level 2. HP: 20/23 MP: 5/5
   659 | D:1      | Reached XP level 3. HP: 26/28 MP: 4/6
  1710 | D:2      | Found a hide-covered altar of Uskayaw.
  1710 | D:2      | Found a shimmering altar of Xom.
  1710 | D:2      | Found an opulent altar of Gozag.
  1942 | D:2      | Found a sparkling altar of Nemelex Xobeh.
  2421 | D:3      | Reached XP level 4. HP: 34/35 MP: 8/8
  2454 | D:3      | Noticed Ijyb
  2468 | D:3      | Splashed by Ijyb's acid

Action                   |  1- 3 |  4- 6 || total
-------------------------+-------+-------++-------
Melee: Unarmed           |   135 |       ||   135
       Kick              |     7 |       ||     7
       Tailslap          |    17 |       ||    17
       Headbutt          |     6 |       ||     6
       Punch             |     2 |       ||     2
 Fire: Blowgun           |       |     1 ||     1
 Cast: Beastly Appendage |    21 |       ||    21
  Eat: Chunk             |     5 |       ||     5
Armor: Skin              |    50 |       ||    50
Dodge: Dodged            |    86 |     1 ||    87
